 BcadrenCrawl: Boulder Brew version 0.03.3.1 (webtiles) character file.

Game seed: 13328786706653668349, levelgen mode: deterministic

590 Chiseanne the Ducker (level 7, -1/49 HPs) Goblin Demonspawn. Began on Mar 13, 2021. Slain by an orc wizard ... wielding a +0 dagger (4 damage) ... on level 3 of the Dungeon. The game lasted 00:05:12 (2113 turns).

Chiseanne the Ducker (Goblin Demonspawn)            Turns: 2113, Time: 00:05:12

Health: -1/49      AC: 10    Str:  8    XL:     7 ^: 166
Magic:  8/8        EV: 12    Int:  6    God:
Gold:   90         SH:  0    Dex:  6    Spells: 7/8 levels left

rFire    . . .     Vision   .   a - +0 short sword (venom)
rCold    . . .     Gourm    .   p - +1 flail (protect)
rNeg     . . .     Faith    .   j - +0 scale mail
rPois    .         Spirit   .   (no helmet)
rElec    .         Reflect  .   (no cloak)
rCorr    .         Harm     .   (no gloves)
MR       +....                  (no boots)
Stlth    ..........             (no amulet)
HPRegen  0.26/turn              i - ring of protection from magic
MPRegen  0.18/turn              (no ring)

@: lethally poisoned (-1 -> -1)
A: small, stagnant stats, goblin's greed, talons 1, low mp 1, mutation
resistance 1, powered by pain 1, god's pity 2
a: no special abilities


You were on level 3 of the Dungeon.
You were not hungry.

You visited 1 branch of the dungeon, and saw 3 of its levels.

You collected 76 gold pieces.

Inventory:

Weapons
 a - a +0 short sword of venom (weapon)
 p - a +1 flail of protection (weapon)
Armour
 j - a +0 scale mail (worn)
Jewellery
 i - a ring of protection from magic (left hand)
 m - an uncursed ring of resist corrosion
Scrolls
 b - 4 scrolls of enchantment
 e - a scroll of amnesia
 f - a scroll of teleportation
 g - a scroll of magic mapping
 k - a scroll of fog
 n - a scroll of immolation
 o - a scroll of fear
Potions
 l - a potion of magic
 q - a potion of ambrosia
Miscellaneous
 h - a crystal ball of energy
Comestibles
 c - 9 chunks of flesh
 d - 4 rations


   Skills:
 * Level 4.8 Fighting
 * Level 5.3 Short Blades
 * Level 4.1 Armour
 * Level 6.1 Dodging
 - Level 2.6 Stealth
 - Level 1.3 Spellcasting
 - Level 2.6 Fire Magic
   Level 4.0 Invocations


You had 7 spell levels left.
You knew the following spells:

 Your Spells              Type           Power        Failure   Level  Hunger
a - Flame Tongue          Fire           3 (30)       38%         1    ##.....

Your spell library contained the following spells:

 Spells                   Type           Power        Failure   Level  Hunger
 Conjure Flame            Fire           3 (100)      77%         3    ####...
 Blink                    Tloc           N/A          88%         2    ###....
 Call Imp                 Summ           0 (100)      88%         2    ###....
 Slow                     Hex            0 (100)      88%         2    ###....
 Mephitic Cloud           Pois/Air       0 (100)      98%         3    ####...


Dungeon Overview and Level Annotations

Branches:
Dungeon (3/8)

Altars:
Elyvilon
Wu Jian


Innate Abilities, Weirdness & Mutations

Your stats never grow through leveling.
Your goblin ancestry allows you to find more gold. (+20%)
You are small and have problems with some larger weapons.
You have sharp toenails.
Your magical capacity is low. (-10% MP)
You are somewhat resistant to further mutation.
You sometimes gain a little power by taking damage.
The pity of the gods increases the power of your passive and invoked divine abilities.


Message History

The orc priest hits you but does no damage.
The orc wizard barely misses you (0). The orc barely misses you (0).
You hit the orc priest (4).
The orc priest is poisoned.
You barely miss the orc priest. You claw the orc priest (3).
You feel sick. (1)
The orc wizard hits you but does no damage.
The orc priest barely misses you (0).
The orc wizard hits you but does no damage.
The orc hits you but does no damage.
The orc priest invokes the aid of Beogh against you.
Beogh smites you!
* * * LOW HITPOINT WARNING * * *
The orc wizard hits you but does no damage.
The orc misses you (0). The orc priest closely misses you (0).
You barely miss the orc priest. You hit the orc priest (4).
You kill the orc priest!
You feel sick. (1)
The orc wizard barely misses you (0).
The orc wizard hits you with a +0 dagger (4).
You die...

≈≈...≈≈##...
##...###..###+###..
#.....##..###.###.#
#.######..###.###.#
#.# #.+.._..+.# #.#
#.#######.## #)#
#.#######..#####
#.#
#.#######)......
..# #......o@.# ###
##.##.##o##
#.##....#
##########.#####.#
#.................#
#.########.....#..#
#.# #####.#..# #.##
#... ...#


You could see an orc wizard and an orc.

Vanquished Creatures
  A water moccasin (D:2)
  An ogre (D:3)
  2 orc priests (D:3)
  A jelly (D:2)
  4 giant cockroaches
  3 adders (D:3)
  4 gnolls (D:3)
  9 sewer rats
  5 cinder newts
  3 worms
  An ooze (D:1)
  3 dart slugs
  2 orcs (D:3)
  An adder skeleton (D:2)
  2 ball pythons (D:1)
  6 goblins (D:1)
  7 hobgoblins (D:1)
  4 jackals (D:3)
  A kobold (D:1)
  7 bats
  8 rats (D:1)
75 creatures vanquished.

Vanquished Creatures (others)
  A giant cockroach (D:2)
  2 kobolds (D:2)
  2 slimeheads (D:2)
  35 withered plants (D:2)
40 creatures vanquished.

Grand Total: 115 creatures vanquished

Notes
Turn   | Place    | Note
-------+----------+-------------------------------------------
     0 | D:1      | Chiseanne the Goblin Demonspawn began the quest for the
                  | Orb.
     0 | D:1      | Reached XP level 1. HP: 13/13 MP: 2/2
    27 | D:1      | Gained mutation: You sometimes gain a little power by
                  | taking damage. [demonic ancestry]
    27 | D:1      | Reached XP level 2. HP: 12/19 MP: 3/3
   174 | D:1      | Reached XP level 3. HP: 24/24 MP: 4/4
   289 | D:1      | Reached skill level 1 in Armour
   349 | D:1      | Reached XP level 4. HP: 30/30 MP: 5/5
  1088 | D:1      | Reached XP level 5. HP: 32/36 MP: 6/6
  1370 | D:2      | Reached skill level 5 in Dodging
  1549 | D:2      | Gained mutation: You have sharp toenails. [demonic
                  | ancestry]
  1549 | D:2      | Reached XP level 6. HP: 36/42 MP: 7/7
  1599 | D:2      | Noticed a water moccasin
  1613 | D:2      | Killed a water moccasin
  1736 | D:2      | Reached XP level 7. HP: 48/48 MP: 8/8
  1797 | D:3      | Found a white marble altar of Elyvilon.
  1904 | D:3      | your +1 flail of protection protects you from harm!
  1980 | D:3      | Reached skill level 5 in Short Blades
  2077 | D:3      | Reached skill level 6 in Dodging
  2097 | D:3      | Found an ornate altar of the Wu Jian Council.
  2113 | D:3      | Slain by an orc wizard

Levels and vault maps discovered:
D:1:      onia_arrival_handbag, layout_basic, minivault_27, portal_sewer_entry_c
D:2:      layout_sewer, sewer_frog_spiral, first_ration, uniq_purgy
D:3:      layout_loops_ring, bcadren_lemuel_inverted_doored_altar,
          elyvilon_altar_4, bloody_makhleb

Skill      XL: |  1  2  3  4  5  6  7 |
---------------+----------------------+-----
Short Blades   | 3 4 5 |  5.3
Fighting       | 2 3 4 |  4.8
Armour         | 1 2 3 4 |  4.1
Dodging        | 5 6 |  6.1
Stealth        | |  2.6
Spellcasting   | |  1.3
Fire Magic     | |  2.6
Invocations    | |  4.0

Action                   |  1- 3 |  4- 6 |  7- 9 || total
-------------------------+-------+-------+-------++-------
Melee: Rapier            |    51 |   105 |    13 ||   169
       Unarmed           |    32 |    27 |       ||    59
       Short sword       |       |    74 |    54 ||   128
       Kick              |       |     3 |     2 ||     5
       Flail             |       |       |    33 ||    33
  Use: Potion            |       |     2 |       ||     2
 Stab: Sleeping          |     1 |       |       ||     1
  Eat: Chunk             |       |     3 |     2 ||     5
Armor: Leather armour    |     3 |       |       ||     3
       Ring mail         |     3 |     3 |       ||     6
       Scale mail        |       |    22 |    27 ||    49
Dodge: Dodged            |    33 |    87 |    88 ||   208
